 Dungeon Crawl Stone Soup version 0.23.0-2-g0fe3ce5 (webtiles) character file.

Game seed: 4125815404294844728

2414 Mgcat the Cleaver (level 9, -7/68 HPs)
             Began as a Demonspawn Berserker on Feb 19, 2019.
             Was an Elder of Trog.
             Killed by divine providence
             ... invoked by an orc priest
              (13 damage)
             ... on level 7 of the Dungeon.
             The game lasted 00:11:50 (5167 turns).

Mgcat the Cleaver (Demonspawn Berserker)            Turns: 5167, Time: 00:11:51

Health: -7/68      AC: 11    Str: 21    XL:     9   Next: 23%
Magic:  9/9        EV: 11    Int:  9    God:    Trog [****..]
Gold:   300        SH:  0    Dex: 12    Spells: 8/8 levels left

rFire    + + .     SeeInvis .   r - +1 hand axe (elec)
rCold    . . .     Gourm    .   (no shield)
rNeg     . . .     Faith    .   o - +0 scale mail {rF+}
rPois    .         Spirit   .   j - +0 helmet
rElec    .         Reflect  .   (no cloak)
rCorr    .         Harm     .   f - +0 pair of gloves
MR       .....                  (no boots)
Stlth    ..........             (no amulet)
HPRegen  0.21/turn              e - ring of protection from fire {rF+, !d}
MPRegen  0.11/turn              a - +2 ring of protection

@: berserk cooldown, slowed, very slow
A: talons 2, powered by death 2
a: Berserk, Trog's Hand, Brothers in Arms, Renounce Religion


You were on level 7 of the Dungeon.
You worshipped Trog.
Trog was greatly pleased with you.
You were hungry.

You visited 1 branch of the dungeon, and saw 7 of its levels.

You collected 300 gold pieces.

Inventory:

Hand Weapons
 r - a +1 hand axe of electrocution (weapon)
   (You took it off an orc on level 3 of the Dungeon)
Armour
 f - a +0 pair of gloves (worn)
   (You found it on level 1 of the Dungeon)
 j - a +0 helmet (worn)
   (You took it off Robin on level 4 of the Dungeon)
 o - a +0 scale mail of fire resistance (worn)
   (You found it on level 4 of the Dungeon)
Jewellery
 a - a +2 ring of protection (right hand)
   (You found it on level 6 of the Dungeon)
 e - a ring of protection from fire (left hand) {rF+, !d}
   (You found it on level 1 of the Dungeon)
Wands
 s - a wand of random effects (16)
   (You took it off Ijyb on level 5 of the Dungeon)
 u - a wand of disintegration (17)
   (You found it on level 5 of the Dungeon)
 y - a wand of enslavement (11)
   (You found it on level 6 of the Dungeon)
Scrolls
 l - 3 scrolls of remove curse
 n - 5 scrolls of teleportation
 q - a scroll of magic mapping {!r}
Potions
 b - a potion of haste
 d - 4 potions of agility
 g - a potion of berserk rage {!q}
 h - a potion of cancellation
 i - a potion of resistance
 k - a potion of ambrosia {unknown}
 m - a potion of might
 p - 2 potions of mutation {!q}
 t - a potion of flight {unknown}
 v - a potion of heal wounds {unknown}
 w - 2 potions of brilliance {unknown}
 x - 3 potions of curing
Comestibles
 c - 7 rations
 z - 11 chunks of flesh {@w0}


   Skills:
 - Level 5.0 Fighting
 + Level 9.8 Axes
 - Level 4.0 Armour
 - Level 4.0 Dodging


You had 8 spell levels left.
You didn't know any spells.
Your spell library was empty.

Dungeon Overview and Level Annotations

Branches:
Dungeon (7/15)             Temple (0/1) D:7

Altars:
Dithmenos
Elyvilon
Fedhas
Nemelex Xobeh
Ru
Sif Muna
Uskayaw
Wu Jian
Zin


Innate Abilities, Weirdness & Mutations

You have razor-sharp toenails.
You regenerate health from kills.


Message History

You take 5 damage, and have 97/102 hp.
Warning x2: The orc priest can smite you! x2
You slash the orc priest!
You kill the orc priest!
Trog accepts your kill.
You slash the orc! Lightning courses through the orc!
You kill the orc!
Trog accepts your kill.
Spoiler Alert: The orc priest can smite you!
A quokka, an orc, an orc warrior and an orc priest come into view.
You are no longer berserk.
You are exhausted.
You feel yourself slow down.
The orc shouts!
The orc priest shouts!
The orc priest invokes the aid of Beogh against you.
Pain shoots through your body!
The orc warrior moves out of view.
Things that are here:
a +0 war axe; a +0 leather armour; an orc corpse You now have 61/68 hp.
Warning x2: The orc priest can smite you! x2
You hit the orc priest but do no damage.
An orc comes into view. It is wielding a +0 war axe.
The orc priest mumbles some strange prayers to Beogh against you.
Beogh smites you!
You take 10 damage, and have 51/68 hp.
Warning x3: The orc priest can smite you! x2
The orc warrior can hit for high damage!
You are too injured to fight recklessly!
Warning x3: The orc priest can smite you! x2
The orc warrior can hit for high damage!
You are too injured to fight recklessly!
Warning x3: The orc priest can smite you! x2
The orc warrior can hit for high damage!
You are too injured to fight recklessly!
Warning x3: The orc priest can smite you! x2
The orc warrior can hit for high damage!
Unknown command.
Warning x3: The orc priest can smite you! x2
The orc warrior can hit for high damage!
Unknown command.
Warning x3: The orc priest can smite you! x2
The orc warrior can hit for high damage!
The necrophage barely misses you.
The orc priest calls down the wrath of Beogh upon you.
You struggle to resist.
The necrophage hits you but does no damage.
You regained 5 hp, and now have 56/68 hp.
The necrophage hits you but does no damage.
You regained 4 hp, and now have 60/68 hp.
Warning x2: The orc priest can smite you!
The orc warrior can hit for high damage!
The necrophage misses you.
Things that are here:
a +0 mace; a +0 plate armour; 2 potions of curing You regained 3 hp, and now have 63/68 hp.
Warning x2: The orc priest can smite you!
The orc warrior can hit for high damage!
You regained 2 hp, and now have 65/68 hp.
Warning x3: The orc priest can smite you! x2
The orc warrior can hit for high damage!
You hit the necrophage. You claw the necrophage!
The necrophage is moderately damaged.
The necrophage barely misses you.
The orc priest invokes the aid of Beogh against you.
Beogh smites you! The necrophage barely misses you.
You take 8 damage, and have 57/68 hp.
Warning x3: The orc priest can smite you! x2
The orc warrior can hit for high damage!
You barely miss the necrophage.
The necrophage is moderately damaged.
The necrophage hits you.
You take 4 damage, and have 53/68 hp.
Warning x2: The orc priest can smite you!
The orc warrior can hit for high damage!
You hit the necrophage. Your kick misses the necrophage.
The necrophage is heavily damaged.
The necrophage hits you but does no damage.
Warning x3: The orc priest can smite you! x2
The orc warrior can hit for high damage!
You slash the necrophage!
The necrophage is almost destroyed.
The necrophage hits you.
The orc priest begins to cast a cantrip, but forgets the words!
The orc priest calls down the wrath of Beogh upon you.
Beogh smites you!
You take 10 damage, and have 44/68 hp.
Warning x3: The orc priest can smite you! x2
The orc warrior can hit for high damage!
You hit the necrophage.
You destroy the necrophage!
Trog accepts your kill.
The orc priest invokes the aid of Beogh against you.
Beogh smites you!
You take 15 damage, and have 29/68 hp.
MASSIVE DAMAGE!!
Warning x3: The orc priest can smite you! x2
The orc warrior can hit for high damage!
You hit the orc warrior but do no damage.
The orc warrior hits you with a +0 flail!
* * * LOW HITPOINT WARNING * * *
The quokka twitches its whiskers.
You take 9 damage, and have 20/68 hp.
Warning x3: The orc priest can smite you! x2
The orc warrior can hit for high damage!
Unknown command.
Warning x3: The orc priest can smite you! x2
The orc warrior can hit for high damage!
Unknown command.
Warning x3: The orc priest can smite you! x2
The orc warrior can hit for high damage!
You fail to use your ability.
The orc warrior closely misses you.
The orc warrior hits you with a +0 flail!
* * * LOW HITPOINT WARNING * * *
You take 14 damage, and have 6/68 hp.
MASSIVE DAMAGE!!
Warning x3: The orc priest can smite you! x2
The orc warrior can hit for high damage!
The orc priest mumbles some strange prayers to Beogh against you.
Beogh smites you!
You die...

......'........
o.....#........
....o..........
...o###).>....... ......
......oor....#...#......
....###o#....#...#......
.. #o#...............
#.#...............
#@#.......(.......
#.#...............
#.#...(...........
#.#......).#......
#.#......#(#......
#.##.....#)##.....
#.######.#(##.....
#.###....#.###....
#........#.###....


You could see an orc warrior, 2 orc priests, an orc and a quokka.

Vanquished Creatures
  A hornet (D:7)
  Edmund (D:6)
  An ice beast (D:7)
  2 phantoms
  2 orc warriors (D:7)
  A necrophage (D:7)
  An ogre (D:5)
  A sky beast (D:6)
  A centaur (D:7)
  A big kobold (D:7)
  2 bullfrogs (D:6)
  A gnoll sergeant (D:5)
  2 scorpions
  2 crimson imps
  3 hounds
  A centaur zombie (D:7)
  A bullfrog zombie (D:6)
  A bullfrog skeleton (D:7)
  4 orc priests
  A centaur skeleton (D:7)
  Jessica (D:6)
  A worker ant (D:7)
  Ijyb (D:5)
  2 iguanas
  3 orc wizards
  A killer bee zombie (D:5)
  A worker ant zombie (D:6)
  Robin (D:4)
  11 gnolls
  6 adders
  2 shadow imps (D:6)
  An ooze (D:2)
  An adder skeleton (D:5)
  2 worms
  A dart slug (D:3)
  5 leopard geckos
  20 orcs
  4 ball pythons
  9 bats
  6 giant cockroaches
  18 goblins
  8 hobgoblins
  5 jackals (D:1)
  2 quokkas
  4 frilled lizards
  11 kobolds
  A quokka skeleton (D:5)
  6 rats
164 creatures vanquished.

Notes
Turn   | Place    | Note
-------+----------+-------------------------------------------
     0 | D:1      | Mgcat the Demonspawn Berserker began the quest for the Orb.
     0 | D:1      | Reached XP level 1. HP: 18/18 MP: 1/1
    57 | D:1      | Reached skill level 2 in Armour
    57 | D:1      | Reached skill level 2 in Dodging
    57 | D:1      | Gained mutation: You regenerate a little health from kills.
                  | [demonic ancestry]
    57 | D:1      | Reached XP level 2. HP: 19/24 MP: 2/2
   204 | D:1      | Reached skill level 3 in Axes
   230 | D:1      | Reached ** piety under Trog
   252 | D:1      | Reached XP level 3. HP: 29/29 MP: 3/3
   686 | D:2      | Found a sacrificial altar of Ru.
   801 | D:2      | Found a shadowy altar of Dithmenos.
   821 | D:2      | Gained mutation: You regenerate health from kills. [demonic
                  | ancestry]
   821 | D:2      | Reached XP level 4. HP: 26/35 MP: 4/4
  1498 | D:3      | Reached *** piety under Trog
  1505 | D:3      | Gained mutation: You have sharp toenails. [demonic
                  | ancestry]
  1505 | D:3      | Reached XP level 5. HP: 42/42 MP: 5/5
  1514 | D:3      | Reached skill level 4 in Fighting
  1514 | D:3      | Reached skill level 3 in Armour
  1647 | D:3      | Reached skill level 3 in Dodging
  2083 | D:4      | Found a white marble altar of Elyvilon.
  2419 | D:4      | Gained mutation: You have razor-sharp toenails. [demonic
                  | ancestry]
  2419 | D:4      | Reached XP level 6. HP: 48/48 MP: 6/6
  2633 | D:4      | Noticed Robin
  2642 | D:4      | Killed Robin
  2988 | D:5      | Entered Level 5 of the Dungeon
  2988 | D:5      | Noticed Ijyb
  2992 | D:5      | Killed Ijyb
  2992 | D:5      | Reached skill level 4 in Axes
  3207 | D:5      | Reached XP level 7. HP: 55/55 MP: 7/7
  3412 | D:5      | Reached skill level 4 in Armour
  3450 | D:5      | Reached skill level 5 in Fighting
  3450 | D:5      | Reached skill level 4 in Dodging
  3551 | D:5      | Found a glowing silver altar of Zin.
  3561 | D:5      | Found a hide-covered altar of Uskayaw.
  3663 | D:6      | Reached skill level 5 in Axes
  3710 | D:6      | Noticed Edmund
  3724 | D:6      | Killed Edmund
  3724 | D:6      | Reached skill level 6 in Axes
  3726 | D:6      | Reached XP level 8. HP: 62/62 MP: 8/8
  3798 | D:6      | Reached **** piety under Trog
  4138 | D:6      | Found an ornate altar of the Wu Jian Council.
  4138 | D:6      | Found a sparkling altar of Nemelex Xobeh.
  4185 | D:6      | Found a blossoming altar of Fedhas.
  4249 | D:6      | Reached skill level 7 in Axes
  4370 | D:6      | Noticed Jessica
  4372 | D:6      | Killed Jessica
  4380 | D:6      | Found a deep blue altar of Sif Muna.
  4629 | D:7      | Reached skill level 8 in Axes
  4792 | D:7      | Noticed a hornet
  4803 | D:7      | Killed a hornet
  4803 | D:7      | Reached skill level 9 in Axes
  4803 | D:7      | Reached XP level 9. HP: 66/68 MP: 9/9
  5127 | D:7      | Found a staircase to the Ecumenical Temple.
  5166 | D:7      | HP: 6/68 [orc warrior/+0 flail (15)]
  5167 | D:7      | Killed from afar by an orc priest

Skill      XL: |  1  2  3  4  5  6  7  8 |
---------------+-------------------------+-----
Armour         | 2 3 4 |  4.0
Dodging        | 2 3 4 |  4.0
Axes           | 3 4 6 9 |  9.8
Fighting       | 4 5 |  5.0

Action                   |  1- 3 |  4- 6 |  7- 9 || total
-------------------------+-------+-------+-------++-------
Melee: Hand axe          |   106 |   133 |   191 ||   430
       Kick              |       |    18 |    48 ||    66
Invok: Berserk           |     4 |     6 |     6 ||    16
Evoke: Wand              |       |       |     2 ||     2
  Use: Scroll            |     1 |    11 |     5 ||    17
  Eat: Chunk             |     3 |     9 |     9 ||    21
       Ration            |       |     1 |     1 ||     2
Armor: Animal skin       |     3 |       |       ||     3
       Ring mail         |    13 |       |       ||    13
       Scale mail        |    31 |    54 |    72 ||   157
       Plate armour      |       |     7 |       ||     7
Dodge: Dodged            |    99 |    81 |    95 ||   275

Levels and vault maps discovered:
D:1:      minmay_arrival_arboretum_small, layout_rooms
D:2:      layout_rooms, overflow_temple_1_default,
          nicolae_dithmenos_shadow_blocks
D:3:      layout_basic
D:4:      layout_basic, overflow_temple_1_default, uniq_robin
D:5:      layout_rooms, zin_statuary, kennysheep_little_box, first_ration,
          uniq_ijyb
D:6:      layout_loops_ring, tgw_sif, gammafunk_temple_overflow_wave,
          fedhas_altar_1, uniq_edmund
D:7:      layout_basic, minmay_temple_entry_poolview

Table legend:
 A = Turns spent in this place as a percentage of turns spent in the entire game.
 B = Non-inter-level travel turns spent in this place as a percentage of non-inter-level travel turns spent in the entire game.
 C = Inter-level travel turns spent in this place as a percentage of turns spent in this place.
 D = Turns resting spent in this place as a percentage of non-inter-level travel turns spent in this place.
 E = Turns spent auto-exploring this place as a percentage of non-inter-level travel turns spent in this place.
 F = Non-inter-level travel turns spent in this place divided by the number of levels of this place that you've seen.
                   A       B       C       D       E      F
               +-------+-------+-------+-------+-------+----------------------
         Total | 100.0 | 100.0 |   4.3 |  16.8 |  62.8 | 706.1
       Dungeon | 100.0 | 100.0 |   4.3 |  16.8 |  62.8 | 706.1
               +-------+-------+-------+-------+-------+----------------------

Table legend:
 A = Kills in this place as a percentage of kills in entire the game.
 B = Kills by you in this place as a percentage of kills by you in the entire game.
 C = Kills by friends in this place as a percentage of kills by friends in the entire game.
 D = Other kills in this place as a percentage of other kills in the entire game.
 E = Experience gained in this place as a percentage of experience gained in the entire game.
 F = Experience gained in this place divided by the number of levels of this place that you have seen.
                   A       B       C       D       E      F
               +-------+-------+-------+-------+-------+----------------------
         Total | 100.0 | 100.0 |   N/A |   N/A | 100.0 | 492.7
       Dungeon | 100.0 | 100.0 |   N/A |   N/A | 100.0 | 492.7
               +-------+-------+-------+-------+-------+----------------------
